 Dungeon Crawl Stone Soup version 0.28-a0-1613-gdaab1c2f9b (webtiles) character file.

Game seed: 6999928124162286842

98 murtidash the Chiller (level 4, -1/33 HPs)
             Began as a Demigod Ice Elementalist on Jan 22, 2022.
             Slain by Grinder (5 damage)
             ... on level 3 of the Dungeon.
             The game lasted 00:03:13 (2821 turns).

murtidash the Chiller (Demigod Ice Elementalist)    Turns: 2821, Time: 00:03:14

Health: -1/33      AC:  8    Str:  9    XL:     4   Next: 20%
Magic:  2/10       EV: 12    Int: 21    God:
Gold:   94         SH:  0    Dex: 14    Spells: 1/8 levels left

rFire   . . .      SeeInvis .   j - +1 dagger (venom)
rCold   . . .      Faith    .   (no shield)
rNeg    . . .      Spirit   .   a - +0 robe
rPois   .          Reflect  .   (no helmet)
rElec   .          Harm     .   (no cloak)
rCorr   .          Rampage  .   (no gloves)
Will    .....                   (no boots)
Stlth   ++........              (no amulet)
HPRegen 0.11/turn               (no ring)
MPRegen 0.12/turn               (no ring)

@: ice-armoured
A: high mp 1, forlorn, divine attributes
a: no special abilities


You were on level 3 of the Dungeon.
You visited 1 branch of the dungeon, and saw 3 of its levels.

You collected 94 gold pieces.

Inventory:

Hand Weapons
 j - a +1 dagger of venom (weapon)
   (You took it off Jessica on level 2 of the Dungeon)
Armour
 a - a +0 robe (worn)
Scrolls
 f - a scroll of identify {unknown}
 h - a scroll of amnesia {unknown}
 i - a scroll of torment {unknown}
 k - a scroll of vulnerability {unknown}
 l - a scroll of magic mapping {unknown}
Potions
 b - 2 potions of degeneration {unknown}
 c - 2 potions of flight {unknown}
 d - a potion of resistance {unknown}
 e - 4 potions of curing {unknown}
 g - a potion of ambrosia {unknown}
 m - a potion of invisibility {unknown}


   Skills:
 - Level 1.7 Dodging
 - Level 1.7 Stealth
 - Level 2.5 Spellcasting
 + Level 5.0 Ice Magic


You had one spell level left.
You knew the following spells:

 Your Spells              Type           Power      Damage    Failure   Level
a - Freeze                Ice            92%        1d10      1%          1
b - Frozen Ramparts       Ice            46%        1d6       5%          3
c - Ozocubu's Armour      Ice            23%        N/A       5%          3

Your spell library contained the following spells:

 Spells                   Type           Power      Damage    Failure   Level
 Hailstorm                Conj/Ice       13%        3d5       45%         4


Dungeon Overview and Level Annotations

Branches:
Dungeon (3/15)

Annotations:
D:3 Grinder


Innate Abilities, Weirdness & Mutations

You have an increased reservoir of magic. (+10% MP)
You shall have no god before yourself.
Your divine heritage dramatically boosts your attributes as you level up.


Message History

The endoplasm freezes you.
You are frozen.
Your Ice Magic skill increases to level 5!
You take 2 damage, and have 21/33 hp.
You now have 9/10 mp.
Aim: an endoplasm You freeze the endoplasm!
You kill the endoplasm!
You now have 8/10 mp.
You can't see any susceptible monsters within range! (Use Z to cast anyway.)
You can't see any susceptible monsters within range! (Use Z to cast anyway.)
A bat comes into view.
Health restored: 33; MP restored: 10 The bat hits you.
The bat hits you but does no damage. x2
The bat hits you but does no damage. The bat hits you but does no damage.
The bat misses you.
You hit the bat but do no damage. The bat closely misses you.
The bat closely misses you.
You hit the bat. You punch the bat.
You kill the bat!
No target in view!
No target in view!
No target in view!
No target in view!
No target in view!
No target in view!
No target in view!
No target in view!
No target in view!
No target in view!
No target in view!
No target in view!
No target in view!
You now have 66 gold pieces (gained 16).
You now have 70 gold pieces (gained 4).
You now have 82 gold pieces (gained 12).
A rat comes into view.
A rat is nearby!
You hit the rat.
You kill the rat!
No target in view!
No target in view!
No target in view!
No target in view!
No target in view!
No target in view!
No target in view!
No target in view!
You now have 94 gold pieces (gained 12).
Grinder comes into view.
She is carrying a wand of flame (20).
Grinder shouts!
Grinder zaps a wand.
The puff of flame hits you.
You take 6 damage, and have 27/33 hp.
A film of ice covers your body!
You now have 7/10 mp.
You can't see any susceptible monsters within range! (Use Z to cast anyway.) Grinder zaps a wand.
The puff of flame hits you. The heat melts your icy armour.
You take 6 damage, and have 22/33 hp.
Your icy armour will break if you move.
Continue?
Your icy armour cracks and falls away as you move.
A film of ice covers your body!
You now have 4/10 mp.
You can't see any susceptible monsters within range! (Use Z to cast anyway.)
You can't see any susceptible monsters within range! (Use Z to cast anyway.)
The walls around you are covered in ice.
You now have 1/10 mp.
You aren't carrying any items that you can evoke.
Unknown command.
Grinder completely resists.
The wall freezes Grinder but does no damage.
You are too injured to fight recklessly!
You closely miss Grinder.
Grinder completely resists.
The wall freezes Grinder but does no damage.
Grinder hits you but does no damage.
Aim: Grinder, carrying a wand of flame (18)
You freeze Grinder.
Grinder resists.
Grinder completely resists.
The wall freezes Grinder but does no damage.
Grinder hits you!
You writhe in agony.
You take 10 damage, and have 12/33 hp.
MASSIVE DAMAGE!!
You hit Grinder but do no damage.
Grinder resists.
The wall freezes Grinder.
Grinder hits you.
You writhe in agony.
* * * LOW HITPOINT WARNING * * *
You take 4 damage, and have 8/33 hp.
You hit Grinder but do no damage.
Grinder is poisoned.
Grinder completely resists.
The wall freezes Grinder but does no damage.
Grinder hits you.
* * * LOW HITPOINT WARNING * * *
You writhe in agony.
* * * LOW HITPOINT WARNING * * *
You take 2 damage, and have 6/33 hp.
You hit Grinder.
Grinder looks as sick as possible!
Grinder completely resists.
The wall freezes Grinder but does no damage.
Grinder blinks!
The frozen ramparts melt away.
You hit Grinder. Grinder hits you.
* * * LOW HITPOINT WARNING * * *
You writhe in agony.
You die...

#..#######...#..
.................###.
#..5########....####.
#...#........#.......
#.5.#.##.......######
.... ...####### # #..
##
#.##################
#.5@................
####################


You could see Grinder (very poisoned).

Vanquished Creatures
  Jessica (D:2)
  3 adders (D:2)
  A dart slug (D:1)
  6 bats
  6 endoplasms
  2 giant cockroaches
  5 goblins
  2 hobgoblins (D:2)
  2 quokkas
  5 ball pythons
  5 frilled lizards
  2 kobolds (D:1)
  5 rats
45 creatures vanquished.

Vanquished Creatures (others)
  4 plants (D:2)
4 creatures vanquished.

Grand Total: 49 creatures vanquished

Notes
Turn   | Place    | Note
-------+----------+-------------------------------------------
     0 | D:1      | murtidash the Demigod Ice Elementalist began the quest for
                  | the Orb.
     0 | D:1      | Reached XP level 1. HP: 14/14 MP: 5/5
   290 | D:1      | Reached skill level 2 in Spellcasting
   641 | D:1      | Reached XP level 2. HP: 15/20 MP: 5/7
   966 | D:1      | Reached skill level 4 in Ice Magic
  1416 | D:2      | Reached XP level 3. HP: 25/26 MP: 5/9
  1420 | D:2      | Learned a level 3 spell: Frozen Ramparts
  1424 | D:2      | Learned a level 3 spell: Ozocubu's Armour
  1494 | D:2      | Noticed Jessica
  1499 | D:2      | Killed Jessica
  2194 | D:2      | Reached XP level 4. HP: 17/33 MP: 8/10
  2600 | D:3      | Reached skill level 5 in Ice Magic
  2804 | D:3      | Noticed Grinder
  2815 | D:3      | HP: 6/33 [Grinder (1)]
  2821 | D:3      | HP: 4/33 [Grinder (2)]
  2821 | D:3      | Slain by Grinder

Illustrated notes

Levels and vault maps discovered:
D:1:      dpeg_arrival_stonehenge_8_columns, layout_loops_corners
D:2:      layout_loops_cross, serial_forest, infiniplex_forest_3_way,
          infiniplex_forest_lined_room_3, infiniplex_forest_lined_3,
          infiniplex_forest_clump_double, infiniplex_forest_clump_diagonal,
          infiniplex_forest_lined_room_2,
          dreamdust_ecumenical_altar_hidden_monk_grotto, uniq_jessica
D:3:      layout_rooms, uniq_grinder

Skill      XL: |  1  2  3  4 |
---------------+-------------+-----
Spellcasting   | 2 |  2.5
Ice Magic      | 4 5 |  5.0
Dodging        | |  1.7
Stealth        | |  1.7

Action                   |  1- 3 |  4- 6 || total
-------------------------+-------+-------++-------
Melee: Whip              |    16 |       ||    16
       Dagger            |    50 |    21 ||    71
       Punch             |       |     1 ||     1
 Cast: Freeze            |    28 |     3 ||    31
       Frozen Ramparts   |     1 |     1 ||     2
       Ozocubu's Armour  |       |     2 ||     2
 Stab: Sleeping          |     4 |       ||     4
Armor: Robe              |     9 |     8 ||    17
Dodge: Dodged            |    46 |    17 ||    63

Table legend: (Time is in decaauts)
 A = Elapsed time spent in this place.
 B = Non-inter-level travel time spent in this place.
 C = Inter-level travel time spent in this place.
 D = Time resting spent in this place.
 E = Time spent auto-exploring this place.
 F = Levels seen in this place.
 G = Mean time per level.
                   A        B        C        D        E       F      G
               +--------+--------+--------+--------+--------+-----+--------+
         Total |   2822 |   2776 |     46 |      0 |   2437 |   3 |  940.7 |
       Dungeon |   2822 |   2776 |     46 |      0 |   2437 |   3 |  940.7 |
               +--------+--------+--------+--------+--------+-----+--------+

Top non-repeatable levels by time:
     D:1: 1283 daAuts
     D:2: 1223 daAuts
     D:3: 315 daAuts

Table legend:
 A = Kills in this place as a percentage of kills in entire the game.
 B = Kills by you in this place as a percentage of kills by you in the entire game.
 C = Kills by friends in this place as a percentage of kills by friends in the entire game.
 D = Other kills in this place as a percentage of other kills in the entire game.
 E = Experience gained in this place as a percentage of experience gained in the entire game.
 F = Experience gained in this place divided by the number of levels of this place that you have seen.
                   A       B       C       D       E      F
               +-------+-------+-------+-------+-------+----------------------
         Total | 100.0 | 100.0 |   N/A |   N/A | 100.0 |  46.7
       Dungeon | 100.0 | 100.0 |   N/A |   N/A | 100.0 |  46.7
               +-------+-------+-------+-------+-------+----------------------
